 Dungeon Crawl Stone Soup version 0.22-a0-799-g88f5e90 (webtiles) character file.

126 iamserjio the Sneak (level 4, -5/23 HPs)
             Began as a Spriggan Monk on July 21, 2018.
             Killed from afar by an orc wizard (7 damage)
             ... with a puff of flame
             ... on level 4 of the Dungeon.
             The game lasted 00:09:01 (1179 turns).

iamserjio the Sneak (Spriggan Monk)                 Turns: 1179, Time: 00:09:02

Health: -5/23      AC:  2    Str:  7    XL:     4   Next: 84%
Magic:  5/5        EV: 27    Int: 12    God:
Gold:   143        SH:  0    Dex: 23    Spells: 3/3 levels left

rFire    . . .     SeeInvis +   a - +0 short sword
rCold    . . .     Gourm    .   (shield restricted)
rNeg     . . .     Faith    .   b - +0 robe
rPois    .         Spirit   .   (helmet restricted)
rElec    .         Reflect  .   (no cloak)
rCorr    .         Harm     .   (gloves unavailable)
MR       .....                  (boots unavailable)
Stlth    +++++.....             j - amulet of rage
HPRegen  0.07/turn              (no ring)
MPRegen  0.09/turn              (no ring)

@: agile, very quick
A: very small, unfitting armour, see invisible, herbivore, speed 3, slow
metabolism 2
a: Evoke Berserk Rage


You were on level 4 of the Dungeon.
You were not hungry.

You visited 1 branch of the dungeon, and saw 4 of its levels.

You collected 143 gold pieces.

Inventory:

Hand Weapons
 a - a +0 short sword (weapon)
Armour
 b - a +0 robe (worn)
Jewellery
 j - an amulet of rage (around neck)
Scrolls
 d - a scroll of immolation
 e - a scroll of remove curse {@r2}
Potions
 f - a potion of haste
 g - a potion of flight
 h - a potion of brilliance
 i - a potion of degeneration
Comestibles
 c - 5 rations


   Skills:
 - Level 2.4 Fighting
 - Level 4.0 Short Blades
 + Level 5.6 Dodging
 * Level 6.2 Stealth


You had 3 spell levels left.
You didn't know any spells.
Your spell library was empty.

Dungeon Overview and Level Annotations

Branches:
Dungeon (4/15)
 Temple: D:4-7

Altars:
Dithmenos

Shops:
D:4 [(!

Annotations:
D:3 Robin


Innate Abilities, Weirdness & Mutations

You are very small and have problems with some larger weapons.
You are too small for most types of armour.
You have supernaturally acute eyesight. (SInv)
You are a herbivore.
You cover ground extremely quickly.
You need to consume almost no food.


Message History

The orc wizard closely misses you. The orc completely misses you.
The orc misses you.
You miss the orc wizard.
The orc wizard is moderately wounded.
The orc wizard hits you but does no damage.
The orc closely misses you.
You hit the orc wizard.
The orc wizard is moderately wounded.
The orc hits you with a war axe.
* * * LOW HITPOINT WARNING * * *
The orc wizard begins to cast a cantrip, but forgets the words!
You feel agile all of a sudden. The orc completely misses you.
The orc misses you.
The orc wizard hits you but does no damage.
You hit the orc wizard.
The orc wizard is severely wounded.
The orc misses you. x2
The orc wizard gestures at you while chanting.
The puff of flame hits you!
You die...

. .. #### ... ...# .. ....#
#'#########....# #..............#
#..............#
#..oooo.........#
#......#...##@..#####..#
#......#... #...## # #......#...
#....# #......#...##....#
#......+...#.....#
#....>.#...#.....# .. #......#..
#.....#...
####......#.####'####...
.....###'##.#.........##.........


You could see an orc wizard and 3 orcs.

Vanquished Creatures
  A hound (D:4)
  3 adders
  2 oozes (D:2)
  A worm (D:2)
  2 leopard geckos
  2 orcs (D:3)
  3 giant cockroaches
  8 goblins
  4 hobgoblins
  9 jackals
  A quokka (D:4)
  A bat (D:3)
  2 frilled lizards
  A jackal skeleton (D:4)
  5 kobolds
  A leopard gecko skeleton (D:4)
  A quokka skeleton (D:4)
  8 rats
55 creatures vanquished.

Notes
Turn   | Place    | Note
-------+----------+-------------------------------------------
     0 | D:1      | iamserjio the Spriggan Monk began the quest for the Orb.
     0 | D:1      | Reached XP level 1. HP: 11/11 MP: 2/2
    89 | D:2      | Reached XP level 2. HP: 13/16 MP: 3/3
   107 | D:2      | Reached skill level 4 in Stealth
   337 | D:1      | Reached XP level 3. HP: 6/19 MP: 4/4
   420 | D:3      | Noticed Robin
   566 | D:3      | Found a shadowy altar of Dithmenos.
   601 | D:3      | Reached skill level 5 in Dodging
   656 | D:3      | Reached skill level 5 in Stealth
   730 | D:3      | Reached XP level 4. HP: 20/23 MP: 5/5
   835 | D:4      | HP: 1/23 [poisoned by a worker ant]
  1009 | D:4      | Reached skill level 6 in Stealth
  1026 | D:4      | Found Usuchi's Antique Armour Boutique.
  1029 | D:4      | Found Peduyc's Antique Weapon Shoppe.
  1117 | D:4      | Found Enef's Distillery.
  1179 | D:4      | Killed from afar by an orc wizard

Vault maps used:
D:1:      onia_arrival_pyramid
D:2:      kennysheep_generic_room_16
D:3:      nicolae_overflow_hidden_temple, chequers_ecumenical_altar_twisty,
          uniq_robin
D:4:      serial_shops, nicolae_shop_trees, shop, shop, shop, shop_statue

Skill      XL: |  1  2  3  4 |
---------------+-------------+-----
Stealth        | 4 5 6 |  6.2
Dodging        | 5 |  5.6
Short Blades   | 4 |  4.0
Fighting       | |  2.4

Action                   |  1- 3 |  4- 6 || total
-------------------------+-------+-------++-------
Melee: Short sword       |   162 |    84 ||   246
  Use: Scroll            |     3 |     5 ||     8
       Potion            |     3 |     4 ||     7
 Stab: Sleeping          |     7 |     2 ||     9
Armor: Robe              |    17 |     9 ||    26
Dodge: Dodged            |   209 |   109 ||   318

Table legend:
 A = Spawn XP
 B = Non-spawn XP
 C = Spawn XP percentage of total XP
 D = Spawn monster count
 E = Non-spawn monster count
 F = Spawn count percentage of total count
 G = Total turns spent on level
                    A         B        C        D         E        F      G
               +---------+---------+-------+---------+---------+-------+---------
         Total |       0 |     181 |   0.0 |       0 |      55 |   0.0 |  1179
               +---------+---------+-------+---------+---------+-------+---------
           D:1 |       0 |      13 |   0.0 |       0 |       9 |   0.0 |   139
           D:2 |       0 |      35 |   0.0 |       0 |      14 |   0.0 |   288
           D:3 |       0 |      66 |   0.0 |       0 |      23 |   0.0 |   384
           D:4 |       0 |      67 |   0.0 |       0 |       9 |   0.0 |   368
               +---------+---------+-------+---------+---------+-------+---------
